 Dungeon Crawl Stone Soup version 0.15.2 (webtiles) character file.

129642 magipi the Brawler (level 16, -1/132 HPs)
             Began as a Troll Chaos Knight on Sept 21, 2015.
             Was a Plaything of Xom.
             Killed from afar by a starcursed mass (6 damage)
             ... with an accursed screaming
             ... on Level 1 of the Abyss on Sept 22, 2015.
             The game lasted 03:17:40 (24079 turns).

magipi the Brawler (Troll Chaos Knight)            Turns: 24079, Time: 03:17:40

HP  -1/132       AC 17     Str 24      XL: 16   Next: 51%
MP  27/27        EV 15     Int  8      God: Xom
Gold 1795        SH  0     Dex 14      Spells:  0 memorised, 15 levels left

rFire  . . .     SeeInvis .       - Unarmed
rCold  . . .     Rnd*Rage +     (armour restricted)
rNeg   . . .     rCorr    +     (shield restricted)
rPois  .         rRot     .     (helmet restricted)
rElec  .         Spirit   .     V - +2 cloak
SustAb .         Warding  .     (gloves unavailable)
rMut   .         Rnd*Tele +     (boots unavailable)
Gourm  +                        W - amulet of resist corrosion
MR     +....                    D - cursed +5 ring of slaying
                                z - +3 ring of protection

@: somewhat resistant to hostile enchantments, very unstealthy
A: unfitting armour, claws 3, iridescent scales 2, thin metallic scales 1,
berserk 2, blurry vision 2, deformed body, deterioration 1, fast metabolism 3,
frail 2, gourmand, regeneration 2, saprovore 2, screaming 1, shaggy fur 1,
teleportitis 1, tough skin 2, wild magic 1, evolution 1, placid magic 2
a: Renounce Religion


You were on level 1 of the Abyss.
You worshipped Xom.
You were a plaything of Xom.
You were full.

You visited 4 branches of the dungeon, and saw 29 of its levels.
You visited the Abyss 1 time.
You also visited: Bailey.

You collected 3315 gold pieces.
You spent 1520 gold pieces at shops.

Inventory:

Hand weapons
 b - a +7 blowgun
Missiles
 f - 13 tomahawks
 A - 10 curare-tipped needles
 B - 3 javelins (quivered)
 C - 27 poisoned needles
Armour
 x - a +2 robe of magic resistance
 I - a +0 mottled dragon armour
 Q - the +1 robe of the Chupacabra {+Fly rElec rN+}
   (You bought it in a shop on level 9 of the Dungeon)

   It insulates you from electricity.
   It protects you from negative energy.
   It lets you fly.
 V - a +2 cloak (worn)
Magical devices
 i - a wand of cold (4)
 m - a wand of digging (12)
 q - a wand of digging (13)
 y - a wand of paralysis (5)
 P - a wand of disintegration (4)
 S - a wand of confusion (6)
 U - a wand of polymorph (15)
Comestibles
 a - 6 meat rations
 d - 16 bread rations
 r - 16 royal jellies
 G - 32 fruits
Scrolls
 h - 11 scrolls of remove curse
 j - a scroll of recharging
 s - 5 scrolls of magic mapping
 J - 2 scrolls of summoning
 L - 6 scrolls of fear
 M - 2 scrolls of fog
 O - 2 scrolls of identify
 X - 4 scrolls of blinking
 Z - a scroll of enchant armour
Jewellery
 c - an uncursed ring of protection from cold
 n - an uncursed ring of positive energy
 p - an uncursed ring of poison resistance
 z - a +3 ring of protection (left claw)
 D - a cursed +5 ring of slaying (right claw)
 W - an amulet of resist corrosion (around neck)
 Y - an uncursed ring of protection from magic
Potions
 e - a potion of invisibility
 g - 4 potions of cure mutation
 k - 3 potions of resistance
 l - 6 potions of curing
 o - 3 potions of might
 u - a potion of restore abilities
 H - a potion of agility
 T - a potion of cancellation
Books
 E - a book of Changes

   Spells                             Type                      Level
   Beastly Appendage                  Transmutation                1
   Sticks to Snakes                   Transmutation                2
   Spider Form                        Transmutation/Poison         3
   Ice Form                           Ice/Transmutation            4
   Blade Hands                        Transmutation                5
 K - a book of the Warp

   Spells                             Type                      Level
   Control Teleport                   Charms/Translocation         4
   Phase Shift                        Translocation                5
   Warp Weapon                        Charms/Translocation         5
   Dispersal                          Translocation                6
   Controlled Blink                   Translocation                7
   Disjunction                        Translocation                8
Miscellaneous
 t - a phial of floods
 w - an ornate deck of destruction


   Skills:
 + Level 11.9 Fighting
 - Level 6.1 Throwing
 - Level 10.0 Dodging
 + Level 18.1 Unarmed Combat
 - Level 12.0 Evocations


You had 15 spell levels left.
You didn't know any spells.

Dungeon Overview and Level Annotations

Branches:
Dungeon (15/15)            Temple (0/1) D:6             Orc (4/4) D:12
    Elf (0/3) Orc:3          Lair (8/8) D:11          Swamp (2/5) Lair:3
 Spider (0/5) Lair:4        Slime (0/6) Lair:7       Vaults (0/5) D:13
 Depths: D:15

Altars:
Ashenzari
Dithmenos
Elyvilon
Makhleb
Nemelex Xobeh
Okawaru
Sif Muna
Trog
Vehumet
Zin
The Shining One
Beogh

Shops:
D:6 *   D:9 *   D:15 *   Orc:3 [   Orc:4 [[([

Annotations:
Lair:7 exclusion: 2 oklob plants


Innate Abilities, Weirdness & Mutations

You are too large for most types of armour.
You have claws for hands.
Your metabolism is lightning-fast.
You like to eat raw meat.
You heal very quickly.
You can eat rotten meat.
You are covered in fur (AC +1).
You have very tough skin (AC +2).
You are mostly covered in iridescent scales (AC +6).
You are partially covered in thin metallic scales (AC +2).
Your body is slowly deteriorating.
Your spells are a little harder to cast, but a little more powerful.
You evolve.
[You often lose your temper in combat.]
[Your vision is quite blurry.]
[Armour fits poorly on your strangely shaped body.]
[You are very frail (-20% HP).]
[You occasionally shout uncontrollably at your foes.]
[Space occasionally distorts in your vicinity.]
[Your spells are easier to cast, but less powerful.]

Vault maps used:
D:1:      grunt_arrival_lava_bath
D:2:      minivault_14, roderic_serpentine_path, okawaru_trees_1, uniq_iyjb
D:3:      gammafunk_temple_overflow_pools, first_bread, uniq_grinder
D:4:      grunt_dithmenos_shadows, overflow_temple_1_default
D:5:      lemuel_round_altar, st_stairs_4, uniq_blork_the_orc
D:6:      cheibrodos_ashenzari_chains, vehumet_crystals,
          lemuel_temple_firewalk_marked, serial_shops, nicolae_shop_waterfront,
          uniq_duvessa
D:7:      old_standard_altar, lightli_corner_chamber, uniq_sigmund, uniq_joseph,
          uniq_menkaure, uniq_eustachio
D:8:      old_standard_altar, demons_altar, dk_noncrumbling_1
D:9:      serial_shops, shop, enter_bailey_7
D:11:     grunt_lair_entry_elf_guard_hut
D:12:     minmay_orc_entry_temple_small
D:13:     david_vaults_2, the_bakery
D:14:     bh_chokoban, tso_altar, uniq_nergalle, uniq_erica, uniq_azrael
D:15:     grunt_enter_depths_hoard, serial_shops, shop, glass_columns_a
Orc:2:    nicolae_orc_accident_1, mines2_lemuel
Orc:3:    serial_shops, shop, nicolae_orc_pool_cavern, minmay_orc_keep
Orc:4:    grunt_orc_community_town_hall, grunt_orc_community_big_house_1,
          grunt_orc_community_big_house_1, grunt_orc_community_house_3,
          grunt_orc_community_house_2, grunt_orc_community_house_1,
          grunt_orc_community_house_2, uniq_sonja
Lair:1:   serial_bayou_lake_a
Lair:2:   beast_lair_carwin_large_4, serial_bayou_lagoon_a
Lair:3:   swamp_mist, lemuel_fruit_tree
Lair:4:   nicolae_spider_entry_tight_spaces, serial_forest,
          infiniplex_forest_clump_tiny, infiniplex_forest_side_room,
          infiniplex_forest_clump_small, infiniplex_forest_clump_medium,
          infiniplex_forest_end_double
Lair:5:   grunt_megastairs_1
Lair:6:   beast_lair_carwin_6
Lair:7:   minmay_slime_entry_oklob_open
Lair:8:   minmay_lair_end_enchanted_forest, zaba_antful_of_joy
Swamp:1:  evilmike_swamp_ruin_house_4, uniq_asterion
Swamp:2:  cheibrodos_swamp_tower_of_moss, serial_swamp_ruin,
          evilmike_swamp_ruin_rubble_2, evilmike_swamp_ruin_wall, swamp_pool4,
          st_swamp_ruins_4
Bailey:   bailey_polearm_5, bailey


Message History

A raiju comes into view.
You mangle the large abomination!!
The large abomination is almost destroyed.
The large abomination hits you!!
You mangle the large abomination!!
You destroy the large abomination!
The raiju bites you but does no damage.
You mangle the raiju!!
The raiju is severely wounded.
The raiju barely misses you.
You mangle the raiju!!
You kill the raiju!
You start resting.
A fire bat comes into view.
You start resting.
You barely miss the phantasmal warrior. The phantasmal warrior hits you.
A raiju comes into view.
You barely miss the phantasmal warrior. You claw the phantasmal warrior.
The phantasmal warrior is lightly damaged.
The phantasmal warrior hits you but does no damage.
You scratch the phantasmal warrior but do no damage.
The phantasmal warrior is lightly damaged.
You claw the phantasmal warrior!
Your punch misses the phantasmal warrior.
The phantasmal warrior is lightly damaged.
The phantasmal warrior completely misses you.
You mangle the phantasmal warrior!!
The phantasmal warrior is severely damaged.
The phantasmal warrior hits you.
A wretched star comes into view.
You eviscerate the phantasmal warrior!!!
You destroy the phantasmal warrior!
The wretched star pulses with an eldritch light!
You feel a little pissed off.
Unknown command.
Xom plays with reality for a moment.
Your claws begin to glow red.
The raiju bursts into living lightning!
The living lightning hits you!
* * * LOW HITPOINT WARNING * * *
The raiju blinks!
You completely miss the raiju. You claw the raiju, but do no damage.
The raiju misses you.
You miss the raiju. You scratch the raiju but do no damage.
Your claws stop glowing.
The raiju misses you.
The wretched star pulses with an eldritch light!
You feel angry.
You feel the urge to shout.
You miss the raiju. You claw the raiju!
The raiju is moderately wounded.
The raiju bursts into living lightning!
The living lightning hits you!
* * * LOW HITPOINT WARNING * * *
The living lightning hits the wretched star.
The wretched star resists.
The raiju blinks!
The wretched star pulses with an eldritch light!
Your connection to magic feels subdued.
Your vision blurs.
An orc high priest comes into view. It is wielding a trident.
The orc high priest shouts!
The orc high priest utters an invocation to Beogh.
The wretched star glows turbulently.
The orb of energy hits you!
* * * LOW HITPOINT WARNING * * *
A green death comes into view.
Drink which item? (? for menu, Esc to quit)
You feel better.
The green death roars!
The orc high priest utters an invocation to Beogh.
A starcursed mass comes into view.
You shout at the starcursed mass!
Read which item? (? for menu, Esc to quit)
Okay, then.
Xom opens a gate.
The wretched star glows turbulently.
The orb of energy hits you!
* * * LOW HITPOINT WARNING * * *
The orb of energy explodes! "Feel my power!"
The green death is outlined in light.
Your shadow imp is outlined in light.
The raiju is outlined in light.
You are now a plaything of Xom.
The raiju closely misses you.
Unknown command.
The raiju bites you.
* * * LOW HITPOINT WARNING * * *
The raiju shocks you!
* * * LOW HITPOINT WARNING * * *
Xom thinks this is hilarious!
A large abomination comes into view.
Your shadow imp hits the wretched star but does no damage.
The wretched star pulses with an eldritch light!
You feel weirdly uncertain.
Your connection to magic feels more subdued.
Your body twists and deforms.
You feel frail. The raiju completely misses you.
A starcursed mass splits.
A chorus of shrieks assaults your mind.
You die...
Xom bursts into laughter!

... ....##
.....XX..##
#...3..X2..##
#.....o....#
##.##..3..##
#.##5.## ##
#.*.# . .
#.h.# # . .
##.@.# # . .
#....# .
##..## . #...
#........ ..
# ##.....#.b
......... #
..##.#. .. .
#. .. .## .


You could see 2 starcursed masses, a green death, a wretched star, an orc high
priest, a sun demon, a large abomination, a raiju and a friendly shadow imp.

Table legend:
 A = Kills in this place as a percentage of kills in entire the game.
 B = Kills by you in this place as a percentage of kills by you in the entire game.
 C = Kills by friends in this place as a percentage of kills by friends in the entire game.
 D = Other kills in this place as a percentage of other kills in the entire game.
 E = Experience gained in this place as a percentage of experience gained in the entire game.
 F = Experience gained in this place divided by the number of levels of this place that you have seen.
                   A       B       C       D       E      F
               +-------+-------+-------+-------+-------+----------------------
         Total | 100.0 | 100.0 | 100.0 |  -nan | 100.0 | 5974.3
       Dungeon |  43.3 |  43.4 |  36.4 |  -nan |  31.1 | 3839.1
  Orcish Mines |  18.8 |  19.1 |   0.0 |  -nan |   7.4 | 3419.8
          Lair |  25.0 |  24.9 |  31.8 |  -nan |  31.0 | 7180.0
         Swamp |   5.9 |   5.4 |  31.8 |  -nan |  10.8 | 10028.0
         Abyss |   6.6 |   6.8 |   0.0 |  -nan |  19.6 | 36304.0
        Bailey |   0.3 |   0.3 |   0.0 |  -nan |   0.1 | 139.0
               +-------+-------+-------+-------+-------+----------------------

Vanquished Creatures
  A bone dragon (Abyss:1)
  An azure jelly (Swamp:1)
  A thorn hunter (Swamp:2)
  2 tentacled starspawn (Abyss:1)
  An orc warlord (Orc:4)
  An angel (Abyss:1)
  The ghost of magipi the Severer, a powerful HOGl of Makhleb (Orc:3)
  A very ugly thing (Abyss:1)
  Azrael (D:14)
  A fire dragon (D:15)
  A yaktaur captain (D:13)
  7 hydras
  The ghost of trelanon the Slicer, a powerful VSBe of Trog (D:12)
  Erica (D:14)
  4 centaur warriors
  5 death yaks
  4 alligators
  A tengu warrior (D:15)
  3 thrashing horrors (Abyss:1)
  A hell hog (Abyss:1)
  Nergalle (D:14)
  2 catoblepae
  2 wretched stars (Abyss:1)
  A spatial maelstrom (Abyss:1)
  A golden dragon skeleton (Abyss:1)
  A flayed ghost (Abyss:1)
  6 large abominations (Abyss:1)
  An unseen horror (D:15)
  4 orc knights
  3 hill giants
  A phantasmal warrior (Abyss:1)
  A sixfirhy (Abyss:1)
  An orc sorcerer (Orc:4)
  17 ugly things
  3 griffons
  3 worldbinders (Abyss:1)
  A stone giant skeleton (Abyss:1)
  Joseph (D:7)
  A black mamba (Lair:4)
  2 apocalypse crabs (Abyss:1)
  2 gargoyles
  A torpor snail (Lair:7)
  3 orange demons (Abyss:1)
  A smoke demon (Abyss:1)
  An efreet (Abyss:1)
  15 spiny frogs
  2 kobold demonologists (D:13)
  2 yaktaurs (D:13)
  A spriggan druid (Lair:8)
  A fire drake (Lair:6)
  5 ancient zymes (Abyss:1)
  7 trolls
  Grinder (D:3)
  9 komodo dragons
  5 baby alligators (Swamp:1)
  A queen bee (Lair:6)
  Sonja (Orc:4)
  2 freezing wraiths (D:15)
  9 polar bears
  5 raiju (Abyss:1)
  6 slime creatures (D:15)
  20 blink frogs
  A griffon zombie (D:13)
  4 bog bodies
  A giant leech (Swamp:2)
  The ghost of magipi the Chopper, an average HaBe of Trog (D:4)
  A basilisk (Lair:3)
  6 ravens
  2 two-headed ogres
  5 redbacks (Lair:8)
  A trapdoor spider (D:11)
  A boulder beetle (Lair:6)
  4 wyverns
  4 shadows
  An alligator skeleton (Abyss:1)
  14 spriggans
  A deep elf mage (D:14)
  49 yaks
  A chaos spawn (Abyss:1)
  3 wraiths
  4 ynoxinuls (Abyss:1)
  Eustachio (D:7)
  6 hungry ghosts
  11 hippogriffs
  A hill giant skeleton (D:15)
  A soldier ant (shapeshifter) (D:14)
  25 vampire mosquitoes
  A steam dragon (D:12)
  A mottled dragon (D:14)
  A soldier ant (D:10)
  36 wolves
  2 deep elf fighters
  Menkaure (D:7)
  4 neqoxecs (Abyss:1)
  6 swamp worms (Swamp:1)
  7 porcupines
  A spiny frog zombie (Abyss:1)
  5 wargs
  4 spiders (Lair:4)
  9 small abominations (Abyss:1)
  3 hell hounds (D:14)
  10 black bears
  An ogre skeleton (D:15)
  A fire dragon simulacrum (D:15)
  6 phantoms
  15 water moccasins
  2 sky beasts
  31 orc warriors
  7 yellow wasps
  3 ice beasts
  5 swamp drakes (Swamp:1)
  10 ogres
  2 manticore skeletons (D:12)
  A necrophage (D:7)
  Sigmund (D:7)
  Duvessa (D:6)
  3 boring beetles
  2 brain worms
  8 crocodiles
  9 centaurs
  5 big kobolds
  Blork the orc (D:5)
  3 gnoll sergeants
  13 insubstantial wisps (Swamp:1)
  11 giant frogs
  A cyclops zombie (D:7)
  5 scorpions
  3 eyes of draining
  A manticore simulacrum (D:15)
  45 killer bees
  A yak skeleton (D:11)
  A goliath beetle (D:7)
  10 wights
  5 quasits
  Dowan (D:6)
  12 crimson imps
  6 iron imps
  3 centaur skeletons
  A centaur zombie (D:7)
  3 jellies
  32 orc priests
  A giant frog zombie (D:5)
  11 hounds
  5 worker ants
  9 iguanas
  46 orc wizards
  11 sheep
  A mottled dragon zombie (D:12)
  Ijyb (D:2)
  A big kobold skeleton (D:6)
  20 adders
  29 green rats
  An orc skeleton (D:13)
  20 gnolls
  A giant mite (D:2)
  5 shadow imps
  10 ufetubi (Abyss:1)
  5 worms
  3 oozes
  183 orcs
  12 giant cockroaches
  12 hobgoblins
  9 jackals
  25 kobolds
  13 quokkas
  4 ball pythons
  19 bats
  A giant cockroach zombie (D:5)
  3 giant geckos
  6 giant newts
  17 goblins
  A goblin skeleton (D:4)
  2 orc zombies
  23 rats
  4 ballistomycetes (D:14)
  A plant (Lair:7)
1218 creatures vanquished.

Vanquished Creatures (collateral kills)
  2 death yaks (Lair:3)
  A polar bear (Lair:8)
  3 ravens (Swamp:2)
  A spriggan (Lair:8)
  A hippogriff (Lair:8)
  2 vampire mosquitoes (Swamp:2)
  A wolf (Lair:8)
  A black bear (Lair:8)
  A swamp drake (Swamp:2)
  2 hell hounds (D:14)
  A yellow wasp (Swamp:1)
  A killer bee (D:11)
  A giant frog skeleton (D:11)
  An orc wizard (D:14)
  A green rat (D:11)
  2 orcs (D:5)
22 creatures vanquished.

Vanquished Creatures (others)
  A dancing weapon (Swamp:1)
  An iron devil (Lair:3)
  A ynoxinul (Abyss:1)
  A chaos spawn (D:15)
  A crimson imp (Lair:8)
  6 iron imps
  4 quasits (Abyss:1)
  9 shadow imps
  7 white imps
  2 ufetubi
  A giant spore (D:14)
  2 ballistomycetes (D:14)
  15 fungi
  2 plants
  4 starspawn tentacles (Abyss:1)
  14 starspawn tentacle segments (Abyss:1)
  7 toadstools (Swamp:2)
78 creatures vanquished.

Grand Total: 1318 creatures vanquished

Notes
Turn   | Place    | Note
--------------------------------------------------------------
     0 | D:1      | magipi, the Troll Chaos Knight, began the quest for the Orb.
     0 | D:1      | Reached XP level 1. HP: 22/22 MP: 1/1
    17 | D:1      | XOM: silly message
   133 | D:1      | Reached XP level 2. HP: 29/29 MP: 1/1
   322 | D:1      | Reached skill level 4 in Unarmed Combat
   379 | D:1      | Reached XP level 3. HP: 36/36 MP: 2/2
   458 | D:2      | Found an iron altar of Okawaru.
   714 | D:2      | XOM is BORED!
   714 | D:2      | XOM: silly message
   742 | D:2      | XOM: god gift: scroll labeled SKUOTAOFYA
   922 | D:2      | XOM: noise
   932 | D:2      | Reached XP level 4. HP: 44/44 MP: 2/2
   956 | D:2      | Reached skill level 5 in Unarmed Combat
  1095 | D:2      | Noticed Ijyb
  1102 | D:2      | Killed Ijyb
  1170 | D:3      | Reached XP level 5. HP: 45/50 MP: 2/2
  1273 | D:3      | Reached skill level 6 in Unarmed Combat
  1286 | D:3      | XOM is BORED!
  1286 | D:3      | XOM: summons 2 hostile demons
  1355 | D:3      | XOM: vitrification
  1356 | D:3      | Noticed Grinder
  1525 | D:4      | Found a glowing golden altar of the Shining One.
  1525 | D:4      | XOM: 7-stop teleportation journey
  1623 | D:4      | XOM: god gift: ivory wand {god gift}
  1690 | D:4      | Noticed magipi's ghost (average HaBe)
  1695 | D:4      | Noticed an ogre
  1744 | D:4      | XOM: swap monsters
  1760 | D:4      | Reached XP level 6. HP: 59/59 MP: 3/3
  1841 | D:4      | XOM: give mutations
  1841 | D:4      | Gained mutation: You are partially covered in thin metallic scales (AC +2). [Xom's grace]
  1841 | D:4      | Gained mutation: You passively map a small area around you. [Xom's grace]
  1881 | D:5      | Entered Level 5 of the Dungeon
  1892 | D:5      | Found a sparkling altar of Nemelex Xobeh.
  2057 | D:5      | Reached skill level 7 in Unarmed Combat
  2121 | D:5      | XOM: enchant monster (good)
  2267 | D:6      | Noticed Dowan
  2317 | D:6      | Reached skill level 8 in Unarmed Combat
  2326 | D:6      | Found Acapic's Assorted Antiques.
  2332 | D:6      | Found a radiant altar of Vehumet.
  2350 | D:6      | Reached XP level 7. HP: 43/66 MP: 3/3
  2360 | D:6      | Killed Dowan
  2386 | D:6      | Bought a scroll labeled TODWOX UBOASEO for 24 gold pieces
  2386 | D:6      | Bought a brown potion for 21 gold pieces
  2386 | D:6      | Bought a scroll labeled POWNYEZ ISHOY for 24 gold pieces
  2386 | D:6      | Bought a forked copper wand for 96 gold pieces
  2386 | D:6      | Bought a scroll labeled BRUMUTWUUCS for 24 gold pieces
  2386 | D:6      | Bought a scroll of identify for 48 gold pieces
  2422 | D:6      | Noticed Duvessa
  2449 | D:6      | Found a shattered altar of Ashenzari.
  2454 | D:6      | XOM: confuse monster(s)
  2464 | D:6      | XOM: cast spell 'Dispersal'
  2572 | D:6      | XOM: harmless Erth miscast
  2594 | D:6      | Reached skill level 9 in Unarmed Combat
  2630 | D:6      | Found a staircase to the Ecumenical Temple.
  2726 | D:7      | XOM: cast spell 'Spider Form'
  2759 | D:7      | Reached XP level 8. HP: 61/74 MP: 3/3
  2836 | D:7      | Reached skill level 10 in Unarmed Combat
  2839 | D:7      | XOM: give mutations
  2839 | D:7      | Gained mutation: [You are frail (-10% HP).] [Xom's mischief]
  2839 | D:7      | Gained mutation: You have difficulty communicating with the divine. [Xom's mischief]
  2895 | D:7      | Found a deep blue altar of Sif Muna.
  2966 | D:7      | Noticed Eustachio
  2980 | D:7      | Killed Eustachio
  2995 | D:7      | XOM: divination: detect items
  3015 | D:7      | Noticed Sigmund
  3036 | D:7      | Killed Sigmund
  3060 | D:7      | Reached skill level 11 in Unarmed Combat
  3087 | D:7      | Noticed a purple ugly thing
  3130 | D:7      | Noticed Joseph
  3155 | D:7      | Killed Joseph
  3159 | D:7      | XOM: enchant monster (bad)
  3196 | D:7      | Reached XP level 9. HP: 46/75 MP: 4/4
  3239 | D:7      | XOM: mild Summ miscast
  3337 | D:8      | Found a burning altar of Makhleb.
  3433 | D:8      | XOM: divination: detect items
  3437 | D:8      | XOM: divination: detect creatures
  3670 | D:8      | Reached skill level 5 in Fighting
  3726 | D:8      | Reached skill level 5 in Dodging
  3744 | D:8      | Found a bloodstained altar of Trog.
  4047 | D:9      | Reached skill level 1 in Throwing
  4082 | D:9      | Found Thuwoyt's Assorted Antiques.
  4096 | D:9      | Bought a scroll labeled DUAJIR PSUA for 33 gold pieces
  4096 | D:9      | Bought a scroll labeled TODWOX UBOASEO for 33 gold pieces
  4096 | D:9      | Bought a scroll labeled BELIUL RIEXTO for 33 gold pieces
  4205 | D:9      | Reached XP level 10. HP: 70/88 MP: 4/4
  4274 | D:9      | Found a flagged portal.
  4333 | Bailey   | Entered a bailey
  4614 | D:10     | Entered Level 10 of the Dungeon
  4719 | D:10     | XOM: harmless Divn miscast
  4725 | D:10     | XOM: potion effect (heal wounds)
  4730 | D:10     | XOM: potion effect (heal wounds)
  4871 | D:10     | XOM: summons friendly white imp
  5030 | D:11     | Identified a scroll of acquirement
  5062 | D:11     | Noticed a hill giant
  5080 | D:11     | Killed a hill giant
  5080 | D:11     | Reached skill level 5 in Throwing
  5205 | D:11     | XOM: harmless Hex miscast
  5217 | D:11     | XOM: confuse monster(s)
  5225 | D:11     | XOM: summons friendly white imp
  5229 | D:11     | Reached XP level 11. HP: 40/98 MP: 4/4
  5392 | D:11     | Found a staircase to the Lair.
  5448 | D:11     | XOM: confuse monster(s)
  5478 | D:11     | XOM: harmless Necr miscast
  5657 | D:11     | Noticed a catoblepas
  5676 | D:11     | XOM: enchant monster (bad)
  5687 | D:11     | Killed a catoblepas
  5742 | D:11     | XOM: medium Pois miscast
  5835 | D:10     | Noticed a hill giant
  5836 | D:10     | XOM: divination: detect items
  5843 | D:10     | Killed a hill giant
  5942 | D:10     | Reached skill level 1 in Evocations
  6011 | D:11     | XOM: confuse monster(s)
  6023 | D:11     | XOM: confuse monster(s)
  6108 | D:11     | XOM: mild Ice miscast
  6132 | D:12     | XOM: 8-stop teleportation journey
  6169 | D:12     | Found a staircase to the Orcish Mines.
  6267 | D:12     | XOM: divination: magic mapping
  6457 | D:12     | XOM: 3-stop teleportation journey
  6516 | D:12     | Noticed trelanon's ghost (powerful VSBe)
  6526 | D:12     | XOM: harmless Ice miscast
  6534 | D:12     | Killed trelanon's ghost
  6550 | D:12     | XOM: mild Divn miscast
  6587 | D:12     | XOM: confuse monster(s)
  6703 | D:12     | XOM: divination: magic mapping
  6709 | D:12     | XOM: confuse monster(s)
  6728 | D:12     | XOM: confuse monster(s)
  6756 | D:12     | Reached XP level 12. HP: 61/107 MP: 14/14
  6857 | D:12     | XOM: confusion (+ monsters)
  6959 | D:13     | Reached skill level 5 in Evocations
  7120 | D:13     | Noticed a yaktaur captain
  7139 | D:13     | XOM: potion effect (brilliance)
  7147 | D:13     | Killed a yaktaur captain
  7192 | D:13     | Reached skill level 10 in Dodging
  7213 | D:13     | Found a gate to the Vaults.
  7331 | D:14     | XOM: divination: detect creatures
  7499 | D:14     | Noticed a centaur warrior
  7505 | D:14     | Killed a centaur warrior
  7529 | D:14     | XOM: summons 10 friendly demons
  7589 | D:14     | Noticed Erica
  7596 | D:14     | Killed Erica
  7614 | D:14     | Noticed a centaur warrior
  7626 | D:14     | Killed a centaur warrior
  7669 | D:14     | Noticed Nergalle
  7676 | D:14     | Killed Nergalle
  7876 | D:14     | Noticed Azrael
  7887 | D:14     | Killed Azrael
  7954 | D:14     | Found a glowing golden altar of the Shining One.
  8071 | D:15     | Entered Level 15 of the Dungeon
  8072 | D:15     | Noticed a centaur warrior
  8079 | D:15     | Killed a centaur warrior
  8079 | D:15     | Reached skill level 12 in Unarmed Combat
  8157 | D:14     | Reached XP level 13. HP: 84/114 MP: 20/20
  8162 | D:14     | XOM: god gift: scroll of enchant weapon
  8607 | D:15     | Noticed a fire dragon
  8789 | D:12     | Found a roughly hewn altar of Beogh.
  8818 | D:12     | XOM is BORED!
  8818 | D:12     | XOM: mild Divn miscast
  8906 | Lair:1   | Entered Level 1 of the Lair of Beasts
  9332 | Lair:1   | XOM: god gift: 25 poisoned arrows
  9451 | Lair:2   | XOM: enchant monster (good)
  9548 | Lair:2   | Reached skill level 13 in Unarmed Combat
  9617 | Lair:2   | XOM: fake destruction
  9713 | Lair:2   | XOM: give mutations
  9713 | Lair:2   | Gained mutation: You are partially covered in iridescent scales (AC +4). [Xom's grace]
  9713 | Lair:2   | Gained mutation: Your system is resistant to poisons. [Xom's grace]
  9713 | Lair:2   | Gained mutation: You evolve. [Xom's grace]
  9989 | Lair:3   | XOM: summons 2 friendly demons
 10059 | Lair:3   | XOM: noise
 10201 | Lair:4   | Found a hole to the Spider Nest.
 10210 | Lair:4   | XOM: colour smoke trail
 10491 | Lair:4   | Reached skill level 10 in Evocations
 10819 | Lair:6   | Lost mutation: You have difficulty communicating with the divine. [evolution]
 10976 | Lair:6   | Reached skill level 14 in Unarmed Combat
 11022 | Lair:6   | Reached XP level 14. HP: 102/122 MP: 24/24
 11072 | Lair:6   | XOM: noise
 11090 | Lair:6   | XOM: confuse monster(s)
 11668 | Lair:7   | XOM: give mutation
 11668 | Lair:7   | Lost mutation: [You are frail (-10% HP).] [Xom's mischief]
 11741 | Lair:7   | Found a staircase to the Slime Pits.
 11799 | Lair:7   | XOM: harmless Pois miscast
 11803 | Lair:7   | XOM: blink monster(s)
 11811 | Lair:7   | XOM: enchant monster (bad)
 11813 | Lair:7   | XOM: summons 3 friendly demons
 11834 | Lair:7   | XOM: enchant monster (good)
 12060 | Lair:7   | XOM: give mutations
 12060 | Lair:7   | Gained mutation: You are mostly covered in iridescent scales (AC +6). [Xom's grace]
 12060 | Lair:7   | Gained mutation: You are agile. (Dex +2) [Xom's grace]
 12060 | Lair:7   | Gained mutation: Your spells are a little harder to cast, but a little more powerful. [Xom's grace]
 12197 | Lair:7   | XOM: mild Tloc miscast
 12218 | Lair:8   | Entered Level 8 of the Lair of Beasts
 12299 | Lair:8   | XOM: confuse monster(s)
 12341 | Lair:8   | XOM: give mutation
 12341 | Lair:8   | Lost mutation: You passively map a small area around you. [Xom's mischief]
 12407 | Lair:8   | XOM: 3-stop teleportation journey
 12531 | Lair:8   | XOM: mild Erth miscast
 12581 | Lair:8   | XOM: god gift: thin runed staff {god gift}
 12654 | Lair:8   | XOM: summons friendly shadow imp
 12661 | Lair:8   | XOM: cast spell 'Metabolic Englaciation'
 12736 | Lair:8   | Reached skill level 15 in Unarmed Combat
 12764 | Lair:8   | XOM: summons friendly iron imp
 12771 | Lair:8   | XOM: summons 3 friendly demons
 12775 | Lair:8   | XOM: summons friendly shadow imp
 12870 | Lair:8   | XOM: cast spell 'Ring of Flames'
 12968 | Lair:8   | XOM: cast spell 'Chain of Chaos'
 13118 | Lair:8   | XOM: harmless Hex miscast
 13464 | Lair:5   | XOM: harmless Tloc miscast
 13519 | Lair:5   | XOM: mild Erth miscast
 13843 | Lair:4   | Gained mutation: Your mind is acute. (Int +2) [potion of beneficial mutation]
 14098 | Lair:3   | XOM: silly message
 14209 | Lair:3   | Found a staircase to the Swamp.
 14523 | D:11     | XOM: mild Ice miscast
 14591 | D:8      | XOM: silly message
 14711 | D:5      | Noticed Blork the orc
 14722 | D:5      | Killed Blork the orc
 14833 | D:4      | Found a shadowy altar of Dithmenos.
 14935 | D:6      | Bought a shiny bronze wand for 96 gold pieces
 14951 | D:6      | Killed Duvessa
 15098 | D:9      | Bought a fabulously ornate robe for 188 gold pieces
 15098 | D:9      | Bought a potion of resistance for 231 gold pieces
 15109 | D:9      | Identified the +1 robe of the Chupacabra {+Fly rElec rN+} (You bought it in a shop on level 9 of the Dungeon)
 15278 | D:6      | XOM: harmless Divn miscast
 15303 | D:4      | Killed magipi's ghost
 15457 | D:3      | Gained mutation: You regenerate. [evolution]
 15464 | D:3      | Found a glowing silver altar of Zin.
 15465 | D:3      | Found a white marble altar of Elyvilon.
 15491 | D:3      | Killed Grinder
 15528 | D:3      | XOM: colour smoke trail
 15653 | D:4      | Killed an ogre
 15701 | D:4      | Noticed an ogre
 15704 | D:4      | Killed an ogre
 15861 | D:7      | Noticed Menkaure
 15870 | D:7      | Killed Menkaure
 16076 | Orc:1    | Entered Level 1 of the Orcish Mines
 16152 | Orc:1    | XOM: divination: magic mapping
 16155 | Orc:1    | Reached XP level 15. HP: 141/145 MP: 27/27
 16390 | Orc:1    | XOM: colour smoke trail
 16460 | Orc:3    | XOM: stealth player
 16607 | Orc:3    | XOM: noise
 17082 | Orc:2    | XOM: enchant monster (good)
 17113 | Orc:2    | XOM: harmless Necr miscast
 17172 | Orc:2    | XOM: silly message
 17364 | Orc:3    | Found Ywuciocs' Armour Shop.
 17487 | Orc:4    | Entered Level 4 of the Orcish Mines
 17487 | Orc:4    | Noticed Sonja
 17493 | Orc:4    | Killed Sonja
 17524 | Orc:4    | Found a roughly hewn altar of Beogh.
 17570 | Orc:3    | Noticed magipi's ghost (powerful HOGl)
 17591 | Orc:3    | Killed magipi's ghost
 17591 | Orc:3    | Reached skill level 16 in Unarmed Combat
 17809 | Orc:3    | XOM: silly message
 17907 | Orc:3    | Found a staircase to the Elven Halls.
 18004 | Orc:4    | Found a roughly hewn altar of Beogh.
 18040 | Orc:4    | XOM is BORED!
 18040 | Orc:4    | XOM: summons 1 hostile demon
 18115 | Orc:4    | XOM: 1-stop teleportation journey
 18177 | Orc:4    | Found a roughly hewn altar of Beogh.
 18177 | Orc:4    | Found Vucwiurgh's Armour Shoppe.
 18430 | Orc:4    | XOM: chaos upgrade
 18434 | Orc:4    | Found a roughly hewn altar of Beogh.
 18445 | Orc:4    | XOM: medium Divn miscast
 18606 | Orc:4    | Found Otridaxku's Antique Armour Shop.
 18671 | Orc:4    | XOM: stat loss: -1 Dex (15/16)
 18934 | Orc:4    | XOM: stat loss: -1 Dex (14/16)
 19159 | Orc:4    | XOM: stat loss: -1 Dex (13/16)
 19263 | Orc:4    | XOM: harmless Pois miscast
 19280 | Orc:4    | XOM: silly message
 19351 | Orc:4    | Found Soest's Antique Weapon Shoppe.
 19351 | Orc:4    | Found a roughly hewn altar of Beogh.
 19356 | Orc:4    | Found Strakhae's Antique Armour Emporium.
 19364 | Orc:4    | Bought an ominously black robe for 114 gold pieces
 19364 | Orc:4    | Bought a runed cloak for 90 gold pieces
 19364 | Orc:4    | Bought a shiny large shield for 90 gold pieces
 19419 | Orc:4    | Identified the +1 robe of the Wild Haggis {rPois} (You bought it in a shop on level 4 of the Orcish Mines)
 19519 | D:12     | XOM: mild Trmt miscast
 19576 | Lair:1   | XOM: harmless Ice miscast
 19637 | Swamp:1  | Entered Level 1 of the Swamp
 19641 | Swamp:1  | XOM: harmless Hex miscast
 19652 | Swamp:1  | XOM: noise
 19665 | Swamp:1  | XOM: blink monster(s)
 19771 | Swamp:1  | XOM: draining
 19889 | Swamp:1  | XOM: summons 3 hostile shadow creatures
 19955 | Swamp:1  | Noticed Asterion
 19958 | Swamp:1  | Noticed a spectral weapon
 19980 | Swamp:1  | Noticed Asterion
 19980 | Swamp:1  | Asterion changed into Asterion the azure jelly
 19980 | Swamp:1  | XOM: polymorph Asterion -> Asterion the azure jelly
 20002 | Swamp:1  | Killed Asterion the azure jelly
 20055 | Swamp:1  | XOM: noise
 20124 | Swamp:1  | XOM: give mutations
 20124 | Swamp:1  | Lost mutation: Your mind is acute. (Int +2) [Xom's mischief]
 20124 | Swamp:1  | Gained mutation: [You are frail (-10% HP).] [Xom's mischief]
 20124 | Swamp:1  | Lost mutation: You are agile. (Dex +2) [Xom's mischief]
 20124 | Swamp:1  | Lost mutation: You regenerate. [Xom's mischief]
 20316 | Swamp:1  | XOM: summons 4 friendly demons
 20700 | Swamp:2  | XOM: harmless Necr miscast
 20901 | Swamp:2  | Noticed a thorn hunter
 20908 | Swamp:2  | Reached skill level 10 in Fighting
 20915 | Swamp:2  | Killed a thorn hunter
 20935 | Swamp:2  | XOM: 1-stop teleportation journey
 20943 | Swamp:2  | XOM: enchant monster (good)
 21355 | D:15     | XOM: potion effect (berserk rage)
 21372 | D:15     | XOM: summons 3 friendly demons
 21374 | D:15     | XOM: noise
 21379 | D:15     | XOM: fake destruction
 21390 | D:15     | Reached skill level 17 in Unarmed Combat
 21393 | D:15     | XOM: divination: magic mapping
 21430 | D:15     | XOM: divination: detect items
 21684 | D:15     | Found Mikhany's General Store.
 21694 | D:15     | Killed a fire dragon
 21701 | D:15     | Bought an ornate deck of destruction for 340 gold pieces
 21701 | D:15     | Bought a wand of magic darts (5) for 35 gold pieces
 21867 | D:15     | XOM: summons friendly quasit
 21927 | D:15     | Cast into the Abyss (wizard)
 22011 | Abyss:1  | XOM: enchant monster (bad)
 22150 | Abyss:1  | XOM: enchant monster (good)
 22160 | Abyss:1  | Noticed a tentacled starspawn
 22174 | Abyss:1  | Reached XP level 16. HP: 97/144 MP: 27/27
 22181 | Abyss:1  | Killed a tentacled starspawn
 22275 | Abyss:1  | XOM: cast spell 'Statue Form'
 22279 | Abyss:1  | Noticed a bone dragon
 22282 | Abyss:1  | XOM: summons friendly white imp
 22285 | Abyss:1  | XOM: divination: detect items
 22290 | Abyss:1  | Killed a bone dragon
 22434 | Abyss:1  | Noticed a tentacled starspawn
 22437 | Abyss:1  | XOM: summons 6 friendly demons
 22440 | Abyss:1  | XOM: summons 3 friendly demons
 22450 | Abyss:1  | XOM: confusion
 22460 | Abyss:1  | XOM: noise
 22461 | Abyss:1  | Killed a tentacled starspawn
 22466 | Abyss:1  | XOM: enchant monster (good)
 22586 | Abyss:1  | XOM: colour smoke trail
 22661 | Abyss:1  | XOM: polymorph apocalypse crab -> efreet
 22675 | Abyss:1  | XOM: swap monsters
 22700 | Abyss:1  | XOM: harmless Ice miscast
 22723 | Abyss:1  | XOM: summons 2 friendly demons
 22853 | Abyss:1  | Lost mutation: Your system is resistant to poisons. [evolution]
 22920 | Abyss:1  | XOM: enchant monster (good)
 22971 | Abyss:1  | XOM: summons 3 friendly demons
 22976 | Abyss:1  | XOM: enchant monster (bad)
 22994 | Abyss:1  | XOM: summons 2 friendly demons
 23000 | Abyss:1  | Paralysed by a great orb of eyes for 7 turns
 23005 | Abyss:1  | XOM: polymorph great orb of eyes -> something unseen
 23008 | Abyss:1  | HP: 6/146 [poisoned by a ghost moth]
 23307 | Abyss:1  | Gained mutation: [Your vision is a little blurry.] [a neqoxec]
 23312 | Abyss:1  | XOM: swap monsters
 23337 | Abyss:1  | XOM: mild Ice miscast
 23348 | Abyss:1  | XOM: mild Chrm miscast
 23384 | Abyss:1  | Lost intelligence.
 23428 | Abyss:1  | XOM: noise
 23437 | Abyss:1  | Reached skill level 18 in Unarmed Combat
 23612 | Abyss:1  | Found a shattered altar of Ashenzari.
 23683 | Abyss:1  | XOM: give mutation
 23683 | Abyss:1  | Gained mutation: Your body is slowly deteriorating. [Xom's mischief]
 23792 | Abyss:1  | XOM: confusion (+ monsters)
 24066 | Abyss:1  | XOM: cast spell 'Confusing Touch'
 24075 | Abyss:1  | XOM: summons friendly shadow imp
 24077 | Abyss:1  | XOM: fake destruction
 24078 | Abyss:1  | HP: 4/148 [raiju (5)]
 24079 | Abyss:1  | Killed from afar by a starcursed mass

Action                   |  1- 3 |  4- 6 |  7- 9 | 10-12 | 13-15 | 16-18 || total
-------------------------+-------+-------+-------+-------+-------+-------++-------
Melee: Unarmed           |   123 |   171 |   266 |   670 |  1866 |   280 ||  3376
 Fire: Blowgun           |       |       |    15 |    13 |    35 |       ||    63
Throw: Tomahawk          |       |     1 |     7 |    17 |     3 |       ||    28
       Javelin           |       |       |       |       |    25 |       ||    25
Evoke: Wand              |       |     1 |     3 |    12 |    40 |     3 ||    59
  Use: Scroll            |       |     8 |     5 |    15 |    20 |     4 ||    52
       Potion            |       |       |     1 |     5 |     6 |     4 ||    16
 Stab: Confused          |       |     1 |       |       |     2 |       ||     3
       Sleeping          |       |       |     1 |       |     2 |       ||     3
       Invisible         |       |       |     1 |       |       |       ||     1
       Distracted        |       |       |       |       |     5 |     3 ||     8
       Paralysed         |       |       |       |       |     8 |       ||     8
       Petrifying        |       |       |       |       |       |     1 ||     1
  Eat: Chunk             |    11 |    15 |    19 |    39 |   117 |     3 ||   204
       Royal jelly       |       |       |     1 |       |       |     2 ||     3
       Pizza             |       |       |       |     1 |     2 |       ||     3
       Beef jerky        |       |       |       |       |     4 |     2 ||     6
       Meat ration       |       |       |       |       |       |     2 ||     2

Action                   |  1- 3 |  4- 6 |  7- 9 | 10-12 | 13-15 | 16-18 || total
-------------------------+-------+-------+-------+-------+-------+-------++-------
Melee: Unarmed           |   123 |   171 |   266 |   670 |  1866 |   280 ||  3376
 Fire: Blowgun           |       |       |    15 |    13 |    35 |       ||    63
Throw: Tomahawk          |       |     1 |     7 |    17 |     3 |       ||    28
       Javelin           |       |       |       |       |    25 |       ||    25
Evoke: Wand              |       |     1 |     3 |    12 |    40 |     3 ||    59
  Use: Scroll            |       |     8 |     5 |    15 |    20 |     4 ||    52
       Potion            |       |       |     1 |     5 |     6 |     4 ||    16
 Stab: Confused          |       |     1 |       |       |     2 |       ||     3
       Sleeping          |       |       |     1 |       |     2 |       ||     3
       Invisible         |       |       |     1 |       |       |       ||     1
       Distracted        |       |       |       |       |     5 |     3 ||     8
       Paralysed         |       |       |       |       |     8 |       ||     8
       Petrifying        |       |       |       |       |       |     1 ||     1
  Eat: Chunk             |    11 |    15 |    19 |    39 |   117 |     3 ||   204
       Royal jelly       |       |       |     1 |       |       |     2 ||     3
       Pizza             |       |       |       |     1 |     2 |       ||     3
       Beef jerky        |       |       |       |       |     4 |     2 ||     6
       Meat ration       |       |       |       |       |       |     2 ||     2

Action                   |  1- 3 |  4- 6 |  7- 9 | 10-12 | 13-15 | 16-18 || total
-------------------------+-------+-------+-------+-------+-------+-------++-------
Melee: Unarmed           |   123 |   171 |   266 |   670 |  1866 |   280 ||  3376
 Fire: Blowgun           |       |       |    15 |    13 |    35 |       ||    63
Throw: Tomahawk          |       |     1 |     7 |    17 |     3 |       ||    28
       Javelin           |       |       |       |       |    25 |       ||    25
Evoke: Wand              |       |     1 |     3 |    12 |    40 |     3 ||    59
  Use: Scroll            |       |     8 |     5 |    15 |    20 |     4 ||    52
       Potion            |       |       |     1 |     5 |     6 |     4 ||    16
 Stab: Confused          |       |     1 |       |       |     2 |       ||     3
       Sleeping          |       |       |     1 |       |     2 |       ||     3
       Invisible         |       |       |     1 |       |       |       ||     1
       Distracted        |       |       |       |       |     5 |     3 ||     8
       Paralysed         |       |       |       |       |     8 |       ||     8
       Petrifying        |       |       |       |       |       |     1 ||     1
  Eat: Chunk             |    11 |    15 |    19 |    39 |   117 |     3 ||   204
       Royal jelly       |       |       |     1 |       |       |     2 ||     3
       Pizza             |       |       |       |     1 |     2 |       ||     3
       Beef jerky        |       |       |       |       |     4 |     2 ||     6
       Meat ration       |       |       |       |       |       |     2 ||     2
